AoeStats
← RazielCandevixx

Hill Fort

504091802Analyzed
3v3 RM · 29d ago on Sep 3, 2026· 64m 18s· 6 players
Game mode
Random Map
Map size
Normal (6 player)
Population
200
Speed
Normal
Resources
Standard
Victory
Conquest
Starting age
Dark Age
Ending age
Imperial Age
RankedLock teamsTeams togetherTeam positionsShared explorationLock speedFull tech treeHidden civsTurbo modeCheats
Victory
Defeat
🇷🇴 Koreans · Romania
995
+16
🇦🇹 Spanish · Austria
951
+29
🇦🇹 Tatars · Austria
931
+33
🇨🇱 Muisca · Chile
1201
-27
🇨🇱 Britons · Chile
902
-13
🇨🇱 Burgundians · Chile
899
-13
BERNARDO
0:48 Loom
11:50 Feudal Age
15:19 Castle Age
14:07 Scale Mail Armor
14:43 Double-Bit Axe
14:42 Horse Collar
16:55 Bow Saw
28:08 Heavy Plow
33:10 Imperial Age
31:05 Squires
31:47 Chain Mail Armor
32:43 Forging
33:22 Fletching
34:59 Chemistry
33:58 Capped Ram
35:33 Conscription
35:58 Iron Casting
36:35 Bodkin Arrow
37:04 Padded Archer Armor
37:43 Hoardings
37:59 Bracer
37:38 Pikeman
40:01 Wheelbarrow
38:51 Elite Skirmisher
40:00 Leather Archer Armor
40:20 Ballistics
40:10 Careening
42:40 Thumb Ring
42:36 Town Watch
42:47 Elite Temple Guard
44:42 Plate Mail Armor
45:21 Gold Mining
46:03 Crop Rotation
46:34 Two-Man Saw
48:56 Herbalism
52:59 Elite Guecha Warrior
54:34 Huaracas
55:16 Siege Engineers
58:54 Champi Runner
59:39 Champi Warrior
62:34 Elite Champi Warrior
63:37 Hand Cart
Nikox_2015
12:49 Feudal Age
11:06 Loom
16:12 Man-at-Arms
19:39 Castle Age
20:15 Double-Bit Axe
20:12 Horse Collar
20:52 Crossbowman
33:20 Long Swordsman
34:39 Padded Archer Armor
34:30 Fletching
36:03 Wheelbarrow
36:19 Leather Archer Armor
36:31 Gold Mining
37:08 Bodkin Arrow
37:50 Scale Mail Armor
43:37 Imperial Age
41:28 Hand Cart
44:24 Yeomen
45:47 Bracer
46:32 Ballistics
45:42 Pikeman
49:03 Heavy Plow
49:16 Bow Saw
49:49 Gold Shaft Mining
49:18 Caravan
50:48 Ring Archer Armor
50:01 Two-Handed Swordsman
52:27 Chemistry
51:45 Town Watch
53:28 Elite Longbowman
56:20 Chain Mail Armor
62:21 Plate Mail Armor
RazielCandevixx
6:13 Double-Bit Axe
12:15 Feudal Age
10:34 Horse Collar
12:23 Loom
13:14 Wheelbarrow
13:40 Gold Mining
14:44 Bow Saw
20:41 Castle Age
24:15 Two-Man Saw
30:36 Heavy Plow
31:17 Gold Shaft Mining
30:33 Stone Mining
30:42 Town Watch
35:34 Imperial Age
34:56 Elite Skirmisher
37:46 Chemistry
47:03 Conscription
48:15 Elite Coustillier
56:05 Forging
57:09 Husbandry
59:00 Scale Barding Armor
Tocay
11:20 Feudal Age
12:17 Double-Bit Axe
12:53 Horse Collar
18:22 Castle Age
20:20 Bow Saw
20:17 Heavy Plow
27:30 Padded Archer Armor
29:29 Leather Archer Armor
32:46 Imperial Age
30:11 Loom
31:09 Wheelbarrow
31:05 Town Watch
32:11 Caravan
34:32 Elite Conquistador
35:52 Ring Archer Armor
37:31 Guilds
41:27 Chemistry
40:48 Ballistics
50:06 Fletching
51:14 Coinage
60:11 Bombard Tower
Balthasar
11:32 Feudal Age
16:24 Castle Age
16:16 Double-Bit Axe
17:45 Loom
19:07 Fletching
23:26 Ballistics
23:33 Horse Collar
24:21 Bloodlines
24:43 Padded Archer Armor
25:15 Scale Mail Armor
27:30 Light Cavalry
28:18 Husbandry
33:42 Wheelbarrow
35:27 Leather Archer Armor
35:19 Scale Barding Armor
35:12 Bodkin Arrow
36:42 Silk Armor
39:53 Imperial Age
42:32 Bow Saw
42:54 Caravan
43:59 Gold Mining
48:15 Hussar
48:23 Heavy Cavalry Archer
49:29 Bracer
49:34 Scale Barding Armor
49:40 Forging
50:50 Hand Cart
51:01 Elite Keshik
52:22 Chain Barding Armor
52:37 Iron Casting
52:34 Ring Archer Armor
64:21 Plate Barding Armor
64:48 Blast Furnace
Witzke
10:42 Feudal Age
11:14 Horse Collar
11:26 Double-Bit Axe
18:23 Castle Age
17:05 Loom
19:04 Gold Mining
19:04 Stone Mining
19:25 Bow Saw
23:10 Wheelbarrow
25:48 Fletching
32:07 Ballistics
34:21 Imperial Age
33:43 Bodkin Arrow
36:16 Chemistry
35:23 Town Watch
35:44 Bracer
36:12 Conscription
39:22 Siege Engineers
43:20 Elite War Wagon
46:50 Heavy Rocket Cart
51:03 Town Patrol
51:20 Hand Cart
51:09 Heavy Plow
51:46 Gold Shaft Mining
Connection lost

Rejoining the realm…

Still unreachable

The connection could not be restored.

Session expired

The server has moved on; the page needs a fresh start.